[Event "Late-Titled-Tuesday-Blitz-May-14-2024"]
[Site "Chess.com"]
[Date "2024.05.14"]
[Round "11"]
[White "cristianserban1"]
[Black "BardArtem"]
[Result "0-1"]
[WhiteElo "2507"]
[BlackElo "2722"]
[TimeControl "180+1"]
[EndTime "16:03:59 PDT"]
[Termination "BardArtem won on time"]

1. d4 a5 2. e3 Ra6 3. e4 Re6 4. Nc3 d5 5. e5 Nc6 6. f4 Nh6 7. Nf3 Rg6 8. Be3 Bf5 9. h3 e6 10. Bf2 Bb4 11. Nh4 Be4 12. Nxg6 hxg6 13. Qd2 Nf5 14.
O-O-O Bxc3 15. Qxc3 Nb4 16. Qa3 Bxc2 17. Rd2 Be4 18.
Qxa5 Nc6 19. Qc3 O-O 20. h4 Qa8 21. a3 Qa4 22. Rh3 Na5 23. g4 Nh6 24. Be2 Nc4 25. Bxc4 Qxc4 26. Qxc4 dxc4 27. b3 cxb3 28. Rxb3 Nxg4 29.
Bg1 Bd5 30. Rc3 c6 31. Rb2 b5 32. Rb4 Nh6 33. a4 bxa4 34. Rxa4 Nf5 35. Bf2 f6 36.
Rca3 fxe5 37. dxe5 Kh7 38. Ra8 Rf7 39. R3a7 Rxa7 40. Rxa7 Kh6 41. Kd2 Kh5 42. Ra1 Kg4 43. Rg1+ Kf3 44. Be1 Kxf4 45. Rxg6 Kxe5 46. h5 Kf4 47.
Bf2 e5 48. Bb6 e4 49. Bc7+ Kf3 50. Rg5 e3+ 51. Ke1 Nd4 52. Rg3+ Ke4 53. Rxg7 Kd3 54. Ba5 Bf3 55. h6 Be2 0-1

[Event "Late-Titled-Tuesday-Blitz-May-14-2024"]
[Site "Chess.com"]
[Date "2024.05.14"]
[Round "11"]
[White "Boorchess"]
[Black "Atanejhad"]
[Result "1-0"]
[WhiteElo "2598"]
[BlackElo "2477"]
[TimeControl "180+1"]
[EndTime "16:04:00 PDT"]
[Termination "Boorchess won by resignation"]

1. d4 d5 2. c4 e6 3. Nf3 Nf6 4. g3 c6 5. Qc2 Nbd7 6. Bg2 Bd6 7. O-O O-O 8. Nfd2 e5 9. cxd5 cxd5 10. dxe5 Nxe5 11.
Nf3 Bg4 12. Nc3 Rc8 13. Nxe5 Bxe5 14. Qd3 d4 15. Ne4 Bf5 16. Bg5 Qb6 17. Nxf6+ Bxf6 18. Qxf5 Rc5 19. Qf3 Rxg5 20. Qxb7 Qxb7 21. Bxb7 Rb5 22. Be4 Rxb2 23. Bd3 g6 24. a4 a5 25. Rfc1 Be7 26.
Rc7 Bb4 27. Rd7 Bc3 28. Rb1 Rb4 29. Rxb4 axb4 30. Bc4 Kg7 31. Kf1 Kf6 32. Bb3 g5 33. a5 Ra8 34. Rxf7+ Kg6 35. Rb7 Rxa5 36. Bc2+ Kf6 37.
Bxh7 g4 38. Bd3 Rh5 39. Kg2 Ra5 40. f3 gxf3+ 41. Kxf3 Ra1 42. Kg2 Ke5 43. h4 Kd6 44. h5 Kc6 45. Rb8 Kc7 46. Rb5 Ra8 47. g4 Bd2 48. g5 Rg8 49. g6 Kc6 50. Kh3 Rg7 51. Kg4 Rg8 52. Bc4 Re8 53. g7 Rg8 54. Bxg8 1-0

[Event "Late-Titled-Tuesday-Blitz-May-14-2024"]
[Site "Chess.com"]
[Date "2024.05.14"]
[Round "11"]
[White "ChadBiryani"]
[Black "MaxLeto"]
[Result "0-1"]
[WhiteElo "2523"]
[BlackElo "2401"]
[TimeControl "180+1"]
[EndTime "16:04:00 PDT"]
[Termination "MaxLeto won by checkmate"]

1. c4 e5 2. g3 Nc6 3. Bg2 Nf6 4. Nc3 Bc5 5. e3 O-O 6. Nge2 Re8 7. O-O e4 8. a3 a5 9. d4 exd3 10. Qxd3 d6 11. Nd4 Ne5 12. Qe2 Bg4 13. f3 Bxd4 14. exd4 Nxf3+ 15. Qxf3 Bxf3 16. Bxf3 c6 17. Bg5 h6 18.
Bf4 Qb6 19. c5 Qxb2 20. Rfc1 dxc5 21. dxc5 Rad8 22. Bd6 Qd2 23. Bg2 Ng4 24. h3 Qe3+ 25. Kh1 Nf2+ 26. Kh2 Nd3 27. Rc2 Ne1 28. Re2 Qxc3 29.
Raxe1 Qxe1 30. Rxe1 Rxe1 31. h4 Ra1 32. Kh3 Rxa3 33. Be4 Ra4 34. Bf5 Rd4 35. Bc7 R8d5 36. Bc8 a4 37. Bf4 Rxf4 38. gxf4 a3 39. Bxb7 a2 40.
Bxc6 Rxc5 41. Bf3 a1=Q 42. f5 Qe5 43. h5 Rc3 44. Kh4 Qf4+ 45. Bg4 Qh2+ 46. Bh3 Qxh3# 0-1

[Event "Late-Titled-Tuesday-Blitz-May-14-2024"]
[Site "Chess.com"]
[Date "2024.05.14"]
[Round "11"]
[White "MagnusCarlsen"]
[Black "sergoy"]
[Result "1-0"]
[WhiteElo "3209"]
[BlackElo "3018"]
[TimeControl "180+1"]
[EndTime "16:04:02 PDT"]
[Termination "MagnusCarlsen won by checkmate"]

1. d4 d5 2. c4 c6 3. cxd5 cxd5 4. Bf4 Nc6 5. e3 Nf6 6. Bd3 a6 7. h3 Qb6 8. Nc3 Qxb2 9. Nge2 Qb6 10. O-O Qd8 11. e4 e6 12. e5 Nh5 13. Be3 g6 14. g4 Ng7 15. Na4 h5 16. Kg2 b5 17.
Rc1 Nb4 18. Nc5 Bxc5 19. Rxc5 hxg4 20. hxg4 Qh4 21. Ng3 Nxd3 22. Qxd3 Qxg4 23. Qd1 Qh3+ 24. Kf3 Nf5 25. Rh1 Nh4+ 26. Ke2 Qg4+ 27. Kd2 Nf3+ 28. Kc3 Rxh1 29. Qxh1 b4+ 30. Kb2 Nh4 31. Rc7 Bd7 32. Qc1 Nf5 33. Nxf5 exf5 34. Qh1 Ke7 35. Rxd7+ Kxd7 36. Qxd5+ Ke7 37. Qxa8 Qe2+ 38. Kb3 Qd3+ 39. Kxb4 Qb5+ 40.
Kc3 Qa5+ 41. Kd3 Qb5+ 42. Kd2 Qb4+ 43. Ke2 Qb2+ 44. Kf3 Qxa2 45. Bg5+ Kd7 46. Qb7+ Ke6 47. Qc6# 1-0

[Event "Late-Titled-Tuesday-Blitz-May-14-2024"]
[Site "Chess.com"]
[Date "2024.05.14"]
[Round "11"]
[White "SHIVACalypso"]
[Black "Meri-Arabidze"]
[Result "0-1"]
[WhiteElo "2562"]
[BlackElo "2690"]
[TimeControl "180+1"]
[EndTime "16:04:02 PDT"]
[Termination "Meri-Arabidze won by resignation"]

1. d4 Nf6 2. c4 e6 3. Nc3 Bb4 4. Qc2 O-O 5. Nf3 d5 6. e3 b6 7. Bd2 Bb7 8. Bd3 a6 9. O-O Bd6 10. e4 dxe4 11. Nxe4 Nxe4 12. Bxe4 Bxe4 13. Qxe4 Nd7 14.
Rfe1 c5 15. Rad1 Nf6 16. Qh4 Qc7 17. Bg5 Be7 18. dxc5 bxc5 19. Qf4 Qb7 20. b3 a5 21.
Ne5 Rfd8 22. Ng4 Nxg4 23. Bxe7 Rxd1 24. Rxd1 Nxf2 25. Rd8+ Rxd8 26. Bxd8 Nd3 27. Qd2 Qe4 28. Bxa5 f5 29. Bc3 h6 30. a4 Nf4 31. a5 Qb1+ 32. Kf2 Qxb3 33. Bxg7 Kxg7 34. Qxf4 Qa2+ 35. Kf3 Qxa5 36.
Qe5+ Kf7 37. Qh8 Qa3+ 38. Kf2 Qa2+ 39. Kf3 Qb3+ 40. Kf2 Qc2+ 41. Kf3 Qe4+ 42. Kf2 Qd4+ 43. Kf3 Qxh8 0-1

[Event "Late-Titled-Tuesday-Blitz-May-14-2024"]
[Site "Chess.com"]
[Date "2024.05.14"]
[Round "11"]
[White "imdvb6307"]
[Black "Mikhail_Golubev"]
[Result "0-1"]
[WhiteElo "2522"]
[BlackElo "2589"]
[TimeControl "180+1"]
[EndTime "16:04:02 PDT"]
[Termination "Mikhail_Golubev won by resignation"]

1. d4 Nf6 2. Nf3 d6 3. c4 g6 4.
Nc3 Bg7 5. e4 O-O 6. Be2 e5 7.
dxe5 dxe5 8. Qxd8 Rxd8 9. Bg5 c6 10. Nxe5 Re8 11. O-O-O Na6 12. Rd6 Nh5 13. Nd3 Bf8 14.
Rd8 Rxd8 15. Bxd8 Be6 16. Bg5 Bxc4 17. g4 Ng7 18. Rd1 Ne6 19. Bf6 Bg7 20. Bxg7 Kxg7 21. b3 Bxd3 22. Bxd3 Nac5 23. Bc4 Nf4 24. b4 b5 25.
Bxf7 Ncd3+ 26. Kc2 Kxf7 27. Rxd3 Nxd3 28. Kxd3 g5 29.
e5 Ke6 30. Ke4 Rf8 31. Ne2 Rxf2 32. Nd4+ Kd7 33. Nf3 Rxa2 34. Nxg5 Rxh2 35. Kf5 Rf2+ 36.
Ke4 h6 37. Nh7 Rf7 38. Nf6+ Ke6 39. Nh5 Rf1 40. Nf4+ Ke7 41. Kf5 a5 42. Ke4 Rxf4+ 43. Kxf4 a4 44. Kf5 a3 45. Kg6 a2 46. Kxh6 a1=Q 47. g5 Qxe5 48. g6 Kf6 0-1

[Event "Late-Titled-Tuesday-Blitz-May-14-2024"]
[Site "Chess.com"]
[Date "2024.05.14"]
[Round "11"]
[White "Ramil_Faizrakhmanov"]
[Black "PenguinPacks"]
[Result "0-1"]
[WhiteElo "2851"]
[BlackElo "2584"]
[TimeControl "180+1"]
[EndTime "16:04:04 PDT"]
[Termination "PenguinPacks won on time"]

1. d4 d5 2. c4 dxc4 3. e4 Nf6 4. e5 Nd5 5. Bxc4 Nb6 6. Bb3 Nc6 7. Nf3 Bg4 8. Be3 e6 9. Nc3 a5 10. O-O Bb4 11. h3 Bh5 12. g4 Bg6 13. d5 Bxc3 14. dxc6 Bxb2 15. cxb7 Rb8 16. Qxd8+ Rxd8 17. Rad1 O-O 18.
Rxd8 Rxd8 19. Rd1 Rb8 20. Ng5 h6 21. Nxe6 fxe6 22. Bxe6+ Kf8 23. Bc5+ Ke8 24. f4 Be4 25.
Kf2 Bxb7 26. h4 Bc6 27. g5 Na4 28. Be3 Nc3 29. Rd3 Ke7 30. Bc4 Ne4+ 31. Kg1 hxg5 32.
hxg5 Rh8 33. Bd5 Bxd5 34. Rxd5 Bc3 35. f5 Rh3 36. Bf4 Rf3 37. Bh2 Nxg5 38. Rc5 Bd4+ 39. Kg2 Bxc5 0-1

[Event "Late-Titled-Tuesday-Blitz-May-14-2024"]
[Site "Chess.com"]
[Date "2024.05.14"]
[Round "11"]
[White "Dolphin_2010"]
[Black "lucasmito"]
[Result "0-1"]
[WhiteElo "2628"]
[BlackElo "2750"]
[TimeControl "180+1"]
[EndTime "16:04:04 PDT"]
[Termination "lucasmito won on time"]

1. d4 d5 2. c4 dxc4 3. e4 e5 4. Nf3 exd4 5. Bxc4 Nc6 6. O-O Be6 7. Bxe6 fxe6 8. Qb3 Qd7 9. Qxb7 Rb8 10. Qa6 Nf6 11. Nbd2 Bd6 12. a3 O-O 13. b4 Ng4 14. Bb2 e5 15. h3 Nf6 16. Rac1 Ne7 17. Nc4 Ng6 18. Bxd4 exd4 19. e5 Nf4 20. exd6 Ne2+ 21. Kh1 Nxc1 22. Nfe5 Qc8 23. Qxc8 Rbxc8 24. d7 Rcd8 25. Rxc1 Nxd7 26. Nf3 Nb6 27. Nce5 d3 28. Rd1 d2 29. Kg1 Rfe8 30. Nc6 Rd3 31. Rxd2 Rxa3 32. Rc2 Rb3 33.
Nfd4 Rb1+ 34. Kh2 h6 35. Ra2 Nd5 36. Rxa7 Nxb4 37. Rxc7 Nxc6 38. Nxc6 Rb2 39. Ne7+ Kh7 40. Nf5 Rf8 41. Nxg7 Rfxf2 42. Nh5+ Kg8 0-1

[Event "Late-Titled-Tuesday-Blitz-May-14-2024"]
[Site "Chess.com"]
[Date "2024.05.14"]
[Round "11"]
[White "Zq1"]
[Black "mostafa_sakha"]
[Result "1/2-1/2"]
[WhiteElo "2575"]
[BlackElo "2390"]
[TimeControl "180+1"]
[EndTime "16:04:04 PDT"]
[Termination "Game drawn by repetition"]

1. d4 Nf6 2. c4 e6 3. g3 d5 4.
Bg2 Bb4+ 5. Nd2 O-O 6. Nf3 b6 7. cxd5 exd5 8. O-O Bb7 9. Ne5 Nbd7 10. a3 Bxd2 11.
Bxd2 Nxe5 12. dxe5 Ne4 13. Be3 Qe7 14. Rc1 c5 15. f3 Ng5 16. h4 Ne6 17. f4 d4 18.
Bf2 Bxg2 19. Kxg2 f5 20. e3 dxe3 21. Bxe3 Rad8 22. Qf3 Nd4 23. Bxd4 Rxd4 24. Rfd1 Rfd8 25. b4 c4 26. b5 Rd3 27. Rxd3 cxd3 28. Qc6 d2 29.
Rd1 Qxa3 30. Qe6+ Kh8 31. Kh3 Qd3 32. h5 h6 33. Qe7 Rc8 34. e6 Qe2 35. Qd7 Qxh5+ 36.
Kg2 Qe2+ 37. Kh3 Qh5+ 38. Kg2 Qe2+ 39. Kh3 Rc1 40. e7 Qh5+ 41. Kg2 Qe2+ 42. Kh3 Qh5+ 43.
Kg2 Qe2+ 44. Kh3 1/2-1/2

[Event "Late-Titled-Tuesday-Blitz-May-14-2024"]
[Site "Chess.com"]
[Date "2024.05.14"]
[Round "11"]
[White "Iuckyducky"]
[Black "HanSchut"]
[Result "0-1"]
[WhiteElo "2285"]
[BlackElo "2358"]
[TimeControl "180+1"]
[EndTime "16:04:04 PDT"]
[Termination "HanSchut won by checkmate"]

1. e4 c5 2. Nf3 d6 3. d4 cxd4 4. Nxd4 Nf6 5. Nc3 a6 6. Bg5 e6 7. f4 Be7 8. Qf3 h6 9. Bh4 g5 10. fxg5 Nfd7 11. Nxe6 fxe6 12. Qh5+ Kf8 13. Bc4 Ne5 14.
O-O+ Kg7 15. Bg3 Nbc6 16. gxh6+ Rxh6 17. Qe2 Qb6+ 18. Kh1 Qxb2 19. Bf4 Rh7 20. Na4 Qb4 21. Bb3 Bd7 22. c3 Qb5 23. Qd2 Rah8 24. Bg5 Rxh2+ 25. Kg1 Rh1+ 26. Kf2 Rf8+ 27. Kg3 Rhxf1 28. Rxf1 Qxf1 29. Bxe7 Nxe7 30. Qg5+ N7g6 31. Kh2 Qf4+ 32. Qxf4 Rxf4 33. Nb6 Rxe4 34. Nxd7 Nxd7 35. Kg3 Nc5 36. Kf3 Nxb3 37. Kxe4 Nc5+ 38. Kd4 Ne5 39. g3 Kf6 40. a3 b5 41.
c4 Nxc4 42. a4 bxa4 43. Kxc4 Kg5 44. Kb4 Kg4 45. Ka5 Kxg3 46. Kb4 a5+ 47. Ka3 e5 48.
Ka2 e4 49. Ka3 e3 50. Kb2 e2 51. Kc3 e1=Q+ 52. Kc4 Qb4+ 53. Kd5 Nd3 54. Kc6 d5 55. Kc7 d4 56. Kc6 Nf4 57. Kc7 d3 58. Kc8 d2 59.
Kc7 d1=Q 60. Kc8 Qc3+ 61. Kb8 Qd8+ 62. Kb7 Qcc7+ 63. Ka6 Qb6# 0-1

[Event "Late-Titled-Tuesday-Blitz-May-14-2024"]
[Site "Chess.com"]
[Date "2024.05.14"]
[Round "11"]
[White "Pitomina"]
[Black "ozates"]
[Result "0-1"]
[WhiteElo "2541"]
[BlackElo "2660"]
[TimeControl "180+1"]
[EndTime "16:04:08 PDT"]
[Termination "ozates won by resignation"]

1. d4 Nf6 2. c4 g6 3. Nc3 Bg7 4. Nf3 O-O 5. e4 d6 6. Be2 Na6 7. O-O e5 8. Re1 exd4 9. Nxd4 Nc5 10. Bf1 Re8 11. f3 c6 12. Bg5 Qb6 13. Be3 Qxb2 14. Rc1 Qb6 15. Nb3 Nfd7 16. Qxd6 Be5 17. Qd1 Qb4 18. Qc2 Nxb3 19. axb3 Qd6 20. g3 Qf6 21.
Bg2 Bd4 22. Qf2 Bxc3 23. Red1 a5 24. f4 Bb4 25. e5 Qe7 26. c5 a4 27. bxa4 Ra5 28.
Kh1 Nxc5 29. Rc4 Na6 30. Rcd4 Bc5 31. Rc4 Bxe3 32. Qxe3 Be6 33. Rcd4 Nc7 34. h3 Nd5 35. Qd2 Rea8 36. g4 Rxa4 37. Kh2 Rxd4 38. Qxd4 Ra2 39. Rd2 Rxd2 40. Qxd2 Qb4 41. Qxb4 Nxb4 42. Kg3 Bd5 43. Bf1 c5 44. f5 c4 45. Kf4 c3 46. Bd3 0-1

[Event "Late-Titled-Tuesday-Blitz-May-14-2024"]
[Site "Chess.com"]
[Date "2024.05.14"]
[Round "11"]
[White "subham777"]
[Black "KebabJangles"]
[Result "1-0"]
[WhiteElo "2525"]
[BlackElo "2370"]
[TimeControl "180+1"]
[EndTime "16:04:08 PDT"]
[Termination "subham777 won by checkmate"]

1. e4 c5 2. Nf3 e6 3. g3 d5 4. exd5 exd5 5. d4 Nf6 6. Bg2 Be7 7. O-O O-O 8. c3 Nc6 9. Re1 Bg4 10. dxc5 Bxc5 11. Be3 Bxe3 12. Rxe3 Bxf3 13. Bxf3 d4 14. Rd3 Qb6 15. cxd4 Qxb2 16. Nc3 Qb6 17. Rb1 Qa6 18. Be2 Rad8 19. d5 Ne5 20. Re3 Qd6 21. Qd4 Ned7 22. Qxa7 Nc5 23. Bf3 Rfe8 24. Nb5 Qd7 25. Rxe8+ Rxe8 26.
Qxc5 h5 27. Qd6 Qf5 28. Rb3 Re1+ 29. Kg2 h4 30. h3 hxg3 31. Qxg3 Nxd5 32. Nd4 Nf4+ 33.
Kh2 Qe5 34. Ne2 Rxe2 35. Bxe2 Qxe2 36. Qxf4 Qf1 37. Rg3 Qd3 38. Qf3 Qd4 39. Qg2 Qf6 40. Qf3 Qe5 41. Qg4 f5 42. Qg5 Qd4 43. f4 Qf2+ 44.
Rg2 Qc5 45. Qxg7# 1-0

[Event "Late-Titled-Tuesday-Blitz-May-14-2024"]
[Site "Chess.com"]
[Date "2024.05.14"]
[Round "11"]
[White "grzechu96"]
[Black "Szparu"]
[Result "0-1"]
[WhiteElo "2800"]
[BlackElo "2903"]
[TimeControl "180+1"]
[EndTime "16:04:09 PDT"]
[Termination "Szparu won on time"]

1. e4 c5 2. Nf3 a6 3. g3 Nc6 4. Bg2 Nf6 5. O-O Nxe4 6. d4 cxd4 7. Nxd4 Nf6 8. c4 e6 9. Nc3 Be7 10. Bf4 O-O 11. Re1 d5 12. cxd5 exd5 13. Nxc6 bxc6 14. Rc1 Bf5 15. Na4 Rc8 16. Nc5 Bxc5 17. Rxc5 Ne4 18. Rc1 Qb6 19. Qe2 c5 20. f3 Nf6 21.
Qf2 d4 22. Bf1 Be6 23. b3 h6 24. g4 Nd5 25. Bd2 f5 26. Bc4 fxg4 27. f4 Bf7 28. Qg2 Nf6 29. Bd3 Rce8 30. Re5 Nd7 31. Qe4 Nf6 32. Qg2 Nd7 33. Rxe8 Rxe8 34. Qxg4 Nf6 35. Qf5 Qb7 36. Rxc5 Qf3 37. Re5 Rf8 38. Re1 Bd5 0-1

[Event "Late-Titled-Tuesday-Blitz-May-14-2024"]
[Site "Chess.com"]
[Date "2024.05.14"]
[Round "11"]
[White "chessdjw"]
[Black "Leebit02"]
[Result "1-0"]
[WhiteElo "2771"]
[BlackElo "2605"]
[TimeControl "180+1"]
[EndTime "16:04:11 PDT"]
[Termination "chessdjw won on time"]

1. d4 d5 2. c4 dxc4 3. Nf3 Nf6 4.
e3 e6 5. Bxc4 c5 6. O-O a6 7.
Be2 Nbd7 8. Nbd2 b6 9. Nc4 Bb7 10. dxc5 Bxc5 11. Nd6+ Bxd6 12. Qxd6 Rc8 13. Rd1 Qe7 14.
Qxe7+ Kxe7 15. b3 Rhd8 16. Ba3+ Ke8 17. Nd4 Ne4 18. Bf1 Ndc5 19. f3 Nc3 20. Rdc1 Nd5 21. Kf2 g6 22. Bxc5 bxc5 23. Ne2 Nb4 24. Rd1 Nd3+ 25. Kg3 Nb4 26. Nc3 Nc2 27. Rac1 Nxe3 28.
Rxd8+ Rxd8 29. Be2 Rd2 30. Kf2 Nf5 31. Ke1 Rd8 32.
Na4 c4 33. Rxc4 Ne3 34. Rc7 Bd5 35. Bxa6 Nxg2+ 36. Kf2 Nf4 37. Bb5+ Kf8 38. Nb6 Nh3+ 39. Kg3 Ng1 40. a4 h5 41. h4 Bb7 42. Rxb7 1-0

[Event "Late-Titled-Tuesday-Blitz-May-14-2024"]
[Site "Chess.com"]
[Date "2024.05.14"]
[Round "11"]
[White "VladimirBugayev"]
[Black "A4RookA3"]
[Result "1-0"]
[WhiteElo "2349"]
[BlackElo "2429"]
[TimeControl "180+1"]
[EndTime "16:04:12 PDT"]
[Termination "VladimirBugayev won by checkmate"]

1. e4 c6 2. d4 d5 3. exd5 cxd5 4. Bd3 Nc6 5. c3 Nf6 6. h3 g6 7. Nf3 Bf5 8. Be2 Bg7 9. O-O O-O 10. Bf4 Ne4 11. Nbd2 Qb6 12. Qb3 Nxd2 13. Nxd2 Qxb3 14. axb3 a6 15. b4 Na7 16. Nb3 Nc6 17. g4 Bc8 18. Nc5 Ra7 19. Bc7 e5 20. dxe5 Nxe5 21. b5 Nd7 22. Nb3 b6 23. Bd6 a5 24. Bxf8 Bxf8 25.
Nd4 Nc5 26. b4 Ne4 27. Rfc1 Rc7 28. bxa5 bxa5 29. b6 Rxc3 30. Rxc3 Nxc3 31. Rxa5 Bg7 32.
Ra8 Bxd4 33. Rxc8+ Kg7 34. Bf3 Bxb6 35. Rxc3 d4 36.
Rc6 Ba7 37. Rc7 Bb6 38. Rb7 Bc5 39. Bd5 d3 40. Bxf7 d2 41. Bb3+ Kf6 42. Kf1 Ke5 43.
Rxh7 Kf4 44. Rf7+ Ke5 45. Bd1 g5 46. Ke2 Bb6 47. Kxd2 Bd4 48. Ke2 Bc5 49. Rf5+ Ke4 50.
Rxc5 Kd4 51. Rxg5 Ke4 52. Rf5 Kd4 53. h4 Ke4 54. h5 Kd4 55. h6 Ke4 56. h7 Kd4 57.
Bc2 Kc3 58. h8=Q+ Kxc2 59. Qc8+ Kb3 60. Rb5+ Ka4 61. Rb7 Ka3 62. Qa8# 1-0

[Event "Late-Titled-Tuesday-Blitz-May-14-2024"]
[Site "Chess.com"]
[Date "2024.05.14"]
[Round "11"]
[White "dianamirza"]
[Black "HipsterChess22"]
[Result "1-0"]
[WhiteElo "1977"]
[BlackElo "2176"]
[TimeControl "180+1"]
[EndTime "16:04:14 PDT"]
[Termination "dianamirza won by checkmate"]

1. d4 d5 2. Nf3 e6 3. e3 c6 4.
Bd3 f5 5. b3 Bd6 6. Bb2 Qe7 7.
Nbd2 a5 8. Ne5 Nf6 9. f4 a4 10.
bxa4 Rxa4 11. c4 O-O 12. Qxa4 Bd7 13. Nxd7 Nbxd7 14. Nf3 Ne4 15. O-O Ndf6 16. Ne5 g5 17. Bxe4 Nxe4 18. cxd5 exd5 19. Qd1 g4 20. g3 h5 21. Ng6 Qh7 22. Nxf8 Bxf8 23. a4 h4 24.
gxh4 Qxh4 25. Qe1 g3 26. Qe2 Kf7 27. hxg3 Nxg3 28. Qh2 Qg4 29. Rf2 Ne2+ 30. Kf1 Ng3+ 31. Ke1 Ne4 32. Rg2 Qf3 33. Qh7+ Ke8 34. Qh2 Qxe3+ 35. Re2 Qd3 36. Rxe4+ dxe4 37. Qe2 Qg3+ 38. Kd1 Qe3 39. Qxe3 Bb4 40. Bc3 Bxc3 41. Qxc3 Kd7 42. Qc5 Kc7 43. Qxf5 b6 44. Qxe4 b5 45. f5 bxa4 46.
f6 Kb6 47. f7 Kb5 48. f8=Q a3 49. Qc5+ Ka6 50. Rxa3+ Kb7 51. Qb4+ Kc7 52. Qee7+ Kc8 53.
Qbb7# 1-0

[Event "Late-Titled-Tuesday-Blitz-May-14-2024"]
[Site "Chess.com"]
[Date "2024.05.14"]
[Round "11"]
[White "Polish_fighter3000"]
[Black "FabianoCaruana"]
[Result "1/2-1/2"]
[WhiteElo "3115"]
[BlackElo "3094"]
[TimeControl "180+1"]
[EndTime "16:04:16 PDT"]
[Termination "Game drawn by repetition"]

1. e4 c5 2. Nf3 Nc6 3. Bb5 Nf6 4. Bxc6 dxc6 5. d3 Qc7 6. Nbd2 e5 7. Nc4 Be6 8. b3 Nd7 9. Ng5 Bxc4 10. bxc4 Be7 11. Qg4 Nf8 12. Nf3 g6 13. a4 f6 14. Rb1 h5 15. Qh3 Rd8 16. O-O g5 17. Qf5 Qd7 18. h4 g4 19. Nd2 Kf7 20. Qxd7 Rxd7 21. Bb2 Ne6 22. a5 Rb8 23. Bc3 Bd8 24. Rb2 b5 25.
axb6 axb6 26. Ra1 Rdb7 27. Rba2 b5 28. g3 Ke7 29. Kg2 Kd7 30. f3 gxf3+ 31. Kxf3 Be7 32.
Ra6 Nd4+ 33. Bxd4 cxd4 34. cxb5 cxb5 35. Ra7 Rxa7 36. Rxa7+ Ke6 37. g4 hxg4+ 38. Kxg4 Rg8+ 39. Kh3 Rg1 40. Ra6+ Kf7 41. Rc6 Rh1+ 42. Kg4 Rg1+ 43. Kf5 Rg2 44. Nf3 Rg3 45. Nd2 Rg2 46. Nf3 Rg3 47.
Nd2 Rg2 1/2-1/2

[Event "Late-Titled-Tuesday-Blitz-May-14-2024"]
[Site "Chess.com"]
[Date "2024.05.14"]
[Round "11"]
[White "Savagelittlemole"]
[Black "TanitoluwaAps116"]
[Result "0-1"]
[WhiteElo "2517"]
[BlackElo "2732"]
[TimeControl "180+1"]
[EndTime "16:04:19 PDT"]
[Termination "TanitoluwaAps116 won on time"]

1. e4 c5 2. Ne2 e6 3. g3 Nc6 4. Bg2 Nf6 5. O-O Be7 6. c3 d5 7. exd5 exd5 8. d4 c4 9. Nd2 O-O 10. b3 cxb3 11. axb3 Bf5 12. Bb2 Re8 13. Nf4 Qd7 14. Nf3 Bd6 15. Nd3 a6 16. Ba3 Ne4 17. Bxd6 Nxc3 18. Qd2 Ne2+ 19. Kh1 Qxd6 20. Rae1 Nexd4 21.
Nxd4 Nxd4 22. Nf4 Nxb3 23. Qa2 Nc5 24. Bxd5 Be4+ 25. f3 Bxd5 26. Nxd5 Rad8 27. Rd1 h5 28. Nf4 Qe5 29. Rxd8 Rxd8 30. Kg2 Nd3 31. Nxd3 Rxd3 32.
Rf2 h4 33. Qc4 hxg3 34. Qxd3 gxf2 35. Qd8+ Kh7 36. Qh4+ Kg6 37. Kxf2 f5 38. Qd8 Qxh2+ 39. Ke3 Qe5+ 40. Kf2 Qf6 41. Qe8+ Kh7 42. Qh5+ Kg8 43. Qe8+ Qf8 44. Qd7 Qf7 45. Qd8+ Kh7 46. Qh4+ Kg6 47. Qg3+ Kh6 48. Qh4+ Qh5 49. Qf4+ Qg5 50. Qd6+ Qf6 51. Qf4+ g5 52. Qh2+ Kg6 53. Qb8 Qf7 0-1

[Event "Late-Titled-Tuesday-Blitz-May-14-2024"]
[Site "Chess.com"]
[Date "2024.05.14"]
[Round "11"]
[White "WALDOCHESS"]
[Black "Hirna2005"]
[Result "0-1"]
[WhiteElo "2048"]
[BlackElo "2327"]
[TimeControl "180+1"]
[EndTime "16:04:20 PDT"]
[Termination "Hirna2005 won on time"]

1. c4 g6 2. Nc3 Bg7 3. d4 d6 4. e4 Nc6 5. Be3 e5 6. d5 Nce7 7. h3 f5 8. f3 Nf6 9. Bd3 O-O 10. g4 c6 11. Nge2 cxd5 12. cxd5 a6 13. Qd2 b5 14. gxf5 gxf5 15. Bh6 f4 16. Bxg7 Kxg7 17.
O-O-O Kh8 18. Rdg1 Rg8 19. Nxf4 exf4 20. Qxf4 Ng6 21.
Qh6 Ne5 22. Rxg8+ Nxg8 23. Qe3 Qf6 24. Be2 Bd7 25. f4 Ng6 26. Rf1 Rf8 27. f5 Ne5 28.
Rg1 Nh6 29. a3 Qh4 30. Kb1 Nhf7 31. Ka2 Rc8 32. Qa7 Qxh3 33. Qxa6 Qe3 34. Rh1 Qc5 35. Bxb5 Bxb5 36. Qxb5 Qc4+ 37. Qb3 Rb8 38. Qxc4 Nxc4 39. b4 Ra8 40. a4 Nfe5 41. b5 Nd3 42. Rh6 Nc5 43.
f6 Kg8 44. f7+ Kxf7 45. Rxh7+ Kf6 46. Rc7 Ke5 47. Rc6 Kd4 48. Nd1 Rxa4+ 49. Kb1 Rb4+ 50. Nb2 Rxb2+ 51. Kc1 Rxb5 0-1

[Event "Late-Titled-Tuesday-Blitz-May-14-2024"]
[Site "Chess.com"]
[Date "2024.05.14"]
[Round "11"]
[White "Kira170"]
[Black "hblanco"]
[Result "0-1"]
[WhiteElo "2754"]
[BlackElo "2647"]
[TimeControl "180+1"]
[EndTime "16:04:21 PDT"]
[Termination "hblanco won by resignation"]

1. d4 d5 2. c4 e6 3. Nf3 Nf6 4. Nc3 Nbd7 5. g3 dxc4 6. Bg2 Rb8 7. a4 Bb4 8. O-O O-O 9. Qc2 a6 10. Rd1 Qe7 11. e4 b5 12. axb5 axb5 13. e5 Nd5 14. Nxd5 exd5 15. Ng5 g6 16. Bxd5 Nb6 17. Be4 c5 18. Be3 cxd4 19. Rxd4 Bc5 20. h4 Bxd4 21. Bxd4 Rd8 22. Be3 Nd5 23. Bxd5 Rxd5 24. Bf4 Bf5 25. Qe2 Rbd8 26. Kh2 Rd3 27. Ra6 b4 28. e6 fxe6 29.
Qe5 R3d5 30. Qe3 e5 31. Nf3 Re8 32. Ra7 Qc5 33. Bh6 Qxe3 34. Rg7+ Kh8 35. fxe3 Rd7 36. Rxd7 Bxd7 37. Ng5 Kg8 38. Ne4 Re6 39. Bg5 Bc6 40.
Nc5 Rd6 41. g4 Rd2+ 42. Kg3 Rxb2 43. Bf6 Rg2+ 44. Kh3 Re2 45. Bxe5 Rxe3+ 0-1

[Event "Late-Titled-Tuesday-Blitz-May-14-2024"]
[Site "Chess.com"]
[Date "2024.05.14"]
[Round "11"]
[White "FredddieCroderg"]
[Black "VacheH009"]
[Result "0-1"]
[WhiteElo "2341"]
[BlackElo "2543"]
[TimeControl "180+1"]
[EndTime "16:04:22 PDT"]
[Termination "VacheH009 won on time"]

1. e4 e6 2. d4 d5 3. exd5 Qxd5 4.
Bd3 Qxg2 5. Qf3 Qxf3 6. Nxf3 Nf6 7. c3 b6 8. Nbd2 Bb7 9. Rg1 Nbd7 10. a4 g6 11. a5 Bd6 12. a6 Bc6 13. b4 Nd5 14. b5 Nf4 15. Bf1 Bxf3 16. Nxf3 Nd5 17. Bd2 Bf4 18. c4 Bxd2+ 19. Kxd2 Nf4 20. Rg4 Nh5 21. Kc3 Ke7 22. Re1 Nhf6 23. Rg1 Rhe8 24. Bg2 Rad8 25. Ng5 h6 26. Ne4 Nxe4+ 27. Bxe4 Nf6 28.
Bc6 Rg8 29. h4 Nh5 30. Re4 g5 31. f3 Kf6 32. Reg4 Nf4 33. hxg5+ hxg5 34. Rh1 Rh8 35. Rxh8 Rxh8 36. d5 exd5 37. Bxd5 Rh3 38. Be4 Rh2 39. Kd4 Rd2+ 40. Kc3 Rg2 41. Rxg2 Nxg2 42. Kd4 Nf4 43. Bb7 Ke6 44. Bc8+ Kd6 45. Bg4 Ng6 46. Ke4 Ne7 47. Bh3 f6 48. Bf1 f5+ 49. Kd4 Ng6 0-1

[Event "Late-Titled-Tuesday-Blitz-May-14-2024"]
[Site "Chess.com"]
[Date "2024.05.14"]
[Round "11"]
[White "Crazy_girl99"]
[Black "Anton_Demchenko"]
[Result "0-1"]
[WhiteElo "2638"]
[BlackElo "2848"]
[TimeControl "180+1"]
[EndTime "16:04:25 PDT"]
[Termination "Anton_Demchenko won on time"]

1. e4 e5 2. Nf3 Nc6 3. Bb5 a6 4. Ba4 Nge7 5. O-O Ng6 6. c3 d6 7.
d4 Bd7 8. Re1 Be7 9. Nbd2 O-O 10. Nf1 b5 11. Bc2 exd4 12. cxd4 Bg4 13. Be3 Bf6 14. h3 Bxf3 15. gxf3 Nh4 16. Nh2 Bxd4 17. f4 Bxe3 18. Rxe3 Kh8 19. Rg3 f5 20. Rc1 Ne7 21. Qh5 Neg6 22. exf5 Nxf4 23. Qg4 g5 24.
fxg6 Nfxg6 25. Qd4+ Qf6 26. Qd2 Rae8 27. Bxg6 Nxg6 28.
Rxc7 Qf4 29. Qc3+ Qe5 30. Ng4 Qxc3 31. Rgxc3 Nf4 32. Kh2 Nd5 33. R3c6 Nxc7 34. Rxc7 h5 35. Nh6 Rxf2+ 36. Kg3 Rf6 37. Nf7+ Kg8 38. Ng5 Re5 39. h4 Re3+ 40. Kg2 d5 41. b3 d4 42. Rd7 d3 43.
Kg1 Re1+ 44. Kg2 Re2+ 45. Kg3 d2 46. Nf3 Re3 47. Rxd2 Rexf3+ 0-1